AoeStats
← Bananaman651

Nomad

510215680Analyzed
4v4 RM · 3d ago on Sep 30, 2026· 35m 45s· 8 players
Game mode
Random Map
Map size
231×231
Population
200
Speed
Normal
Resources
Standard
Victory
Conquest
Starting age
Dark Age
Ending age
Imperial Age
RankedLock teamsTeams togetherTeam positionsShared explorationLock speedFull tech treeHidden civsTurbo modeCheats
Victory
Defeat
🇧🇷 Saxons · Brazil
1498
+13
1461
+14
🇻🇳 Spanish · Vietnam
1431
+15
🇦🇷 Mongols · Argentina
1367
+17
🇬🇧 Dravidians · United Kingdom
1451
-16
🇨🇿 Mongols · Czechia
1438
-16
🇲🇽 Georgians · Mexico
1428
-15
🇺🇸 Vietnamese · United States
1345
-12
.|.
10:46 Loom
14:46 Feudal Age
18:28 Castle Age
17:05 Double-Bit Axe
17:35 Horse Collar
17:53 Fletching
19:32 Bow Saw
21:11 Wheelbarrow
22:25 Ballistics
23:14 Murder Holes
23:56 Fishing Lines
24:55 Guard Tower
milopokerboy
3:47 Loom
13:40 Feudal Age
17:40 Castle Age
16:43 Town Watch
17:18 Double-Bit Axe
19:24 Fletching
31:33 Bodkin Arrow
35:25 Wheelbarrow
34:53 Pikeman
35:34 Squires
Bananaman651
13:21 Feudal Age
14:32 Loom
17:19 Castle Age
15:43 Forging
15:38 Scale Barding Armor
15:59 Gold Mining
15:57 Double-Bit Axe
18:13 Bow Saw
21:02 Horse Collar
23:13 Husbandry
23:23 Town Watch
25:35 Stone Mining
27:32 Bloodlines
32:13 Wheelbarrow
32:36 Pikeman
34:29 Iron Casting
34:53 Squires
Brrrrrh
10:04 Loom
12:18 Feudal Age
12:48 Double-Bit Axe
12:45 Fishing Lines
19:50 Castle Age
17:58 Fletching
20:09 Gold Mining
20:13 Stone Mining
20:45 Medium Warships
20:33 Bodkin Arrow
20:52 Bow Saw
23:35 Ballistics
25:06 Wheelbarrow
25:44 Guard Tower
25:53 Horse Collar
28:43 Gillnets
31:00 Careening
31:02 Masonry
30:48 Murder Holes
30:33 Treadmill Crane
34:40 Imperial Age
35:09 Town Watch
SeiyaPegasus
5:43 Loom
13:03 Feudal Age
17:41 Castle Age
16:09 Double-Bit Axe
16:34 Fishing Lines
19:38 Bow Saw
20:43 Fletching
22:41 Bodkin Arrow
32:42 Horse Collar
33:55 Wheelbarrow
33:09 Town Watch
34:43 Gillnets
35:15 Stone Mining
Yucatan_water_supremacy
4:59 Loom
14:38 Feudal Age
15:18 Fishing Lines
15:48 Double-Bit Axe
19:29 Castle Age
21:57 Bow Saw
22:28 Gillnets
22:59 Medium Warships
25:41 Imperial Age
22:58 Town Watch
23:52 Wheelbarrow
23:05 Town Watch
24:41 Gold Mining
27:22 Chemistry
26:26 Horse Collar
27:48 Two-Man Saw
26:52 Padded Archer Armor
27:41 Heavy Warships
27:30 Clinker Construction
28:32 Leather Archer Armor
32:02 Ballistics
32:14 Ring Archer Armor
33:21 Fletching
34:41 Heavy Plow
36:21 Scale Barding Armor
36:27 Forging
felixaleman1010
4:31 Loom
14:01 Feudal Age
14:45 Double-Bit Axe
17:35 Castle Age
15:47 Fishing Lines
17:47 Forging
17:29 Fletching
17:53 Gold Mining
18:35 Medium Warships
20:20 Scale Barding Armor
20:51 Iron Casting
25:15 Bloodlines
25:05 Husbandry
25:15 Bloodlines
25:05 Husbandry
26:45 Chain Barding Armor
43 Đoàn Quốc Hưng
5:10 Loom
13:13 Feudal Age
18:47 Castle Age
17:19 Stone Mining
17:28 Double-Bit Axe
18:29 Town Watch
19:53 Bow Saw
21:16 Fletching
25:42 Padded Archer Armor
27:47 Leather Archer Armor
31:21 Wheelbarrow
30:34 Fishing Lines
33:06 Gold Mining
32:58 Horse Collar
33:22 Gillnets
33:58 Husbandry
34:09 Bloodlines
38:32 Imperial Age
Connection lost

Rejoining the realm…

Still unreachable

The connection could not be restored.

Session expired

The server has moved on; the page needs a fresh start.